[Event "Titled Tuesday Blitz January 03 Late 2023"]
[White "De La Colina, Nicolas"]
[Black "Manukian, Artak"]
[WhiteFideId "30946921"]
[BlackFideId "13301373"]
[WhiteElo "2244"]
[BlackElo "2196"]
[Result "1-0"]
[Round "05"]
[TimeControl "180+2"]
[Date "2023.01.03"]
[WhiteClock "0:00:34"]
[BlackClock "0:00:04"]

1. e4 c6 2. Nf3 d5 3. Nc3 dxe4 4. Nxe4 Nf6 5. Qe2 Nxe4 6. Qxe4 Nd7 7. d4 Nf6 8. Qf4 Qa5+ 9. c3 Qf5 10. Qd2 Qh5 11. Be2 Bg4 12. O-O e6 13. h3 Bxh3 14. gxh3 Qxh3 15. Qf4 h6 16. Re1 g5 17. Qg3 Qf5 18. Ne5 Ne4 19. Qf3 Nd6 20. Nxc6 bxc6 21. Qxc6+ Ke7 22. Qxa8 Ne4 23. Be3 Kf6 24. Bd3 Qg4+ 25. Kf1 Qh3+ 26. Ke2 Qg4+ 27. Kf1 Qh3+ 28. Ke2 Qg4+ 29. f3 Qg2+ 30. Kd1 Qxb2 31. Qxe4 Qxa1+ 32. Kd2 Qxa2+ 33. Bc2 Qd5 34. f4 Qxe4 35. Bxe4 g4 36. d5 1-0


[Site "https://www.chess.com"]

[Event "Titled Tuesday Blitz January 03 Late 2023"]
[White "Gasparyan, David"]
[Black "Yaran, Siar"]
[WhiteFideId "13311980"]
[BlackFideId "6323006"]
[WhiteElo "2142"]
[BlackElo "2288"]
[Result "0-1"]
[Round "05"]
[TimeControl "180+2"]
[Date "2023.01.03"]
[WhiteClock "0:00:01"]
[BlackClock "0:00:19"]

1. e4 e5 2. Nf3 Nc6 3. Bb5 a6 4. Ba4 Nf6 5. O-O Be7 6. Re1 b5 7. Bb3 O-O 8. c3 d5 9. h3 dxe4 10. Ng5 Bf5 11. Bc2 Qd5 12. Qe2 Rad8 13. Nxe4 Nxe4 14. Bxe4 Bxe4 15. Qxe4 Qxe4 16. Rxe4 f5 17. Re1 Rd3 18. a4 b4 19. b3 e4 20. Ra2 Kf7 21. Rc2 Bd6 22. cxb4 Nxb4 23. Rc3 Rb8 24. Re3 Be5 25. Rc4 Ke6 26. Ba3 a5 27. g3 Kd5 28. Nc3+ Bxc3 29. Rxd3+ Nxd3 30. Rxc3 c5 31. Kf1 g5 32. Ke2 g4 33. hxg4 fxg4 34. Ke3 Rf8 35. Rxd3+ exd3 36. Kxd3 Rxf2 37. Kc2 Rf3 38. Bb2 Rxg3 39. Kd1 h5 40. Bf6 Rxb3 41. Ke2 Ra3 42. d3 Rxa4 43. Ke3 Ra3 44. Bb2 Rb3 45. Bf6 c4 46. Kd2 Rxd3+ 47. Kc2 a4 48. Kb2 a3+ 49. Ka2 Ke6 50. Bg5 g3 51. Kb1 g2 52. Kc2 g1=Q 53. Bd2 Qd4 54. Kb1 Qb2# 0-1


[Site "https://www.chess.com"]

[Event "Titled Tuesday Blitz January 03 Late 2023"]
[White "benny_aizenberg"]
[Black "Krsnik Cohar, Ivan Vihor"]
[BlackFideId "14520044"]
[WhiteElo "2507"]
[BlackElo "2336"]
[Result "0-1"]
[Round "05"]
[TimeControl "180+2"]
[Date "2023.01.03"]
[WhiteClock "0:02:09"]
[BlackClock "0:00:46"]

1. e4 c5 2. Nf3 g6 3. d4 cxd4 4. Nxd4 Nf6 5. Nc3 Nc6 6. Nxc6 bxc6 7. e5 Nh5 8. Bc4 Ng7 9. O-O Ne6 10. Be3 Bg7 11. f4 O-O 12. f5 gxf5 13. Rxf5 d5 14. exd6 Qxd6 15. Qh5 Nd4 16. Rxf7 Be6 17. Rxg7+ Kxg7 18. Qh6+ Kh8 19. Rd1 Bxc4 20. Bxd4+ Qxd4+ 0-1


[Site "https://www.chess.com"]

[Event "Titled Tuesday Blitz January 03 Late 2023"]
[White "Davtyan, David Arm."]
[Black "Pinheiro, Iung Alicio de O."]
[WhiteFideId "13310046"]
[BlackFideId "2104350"]
[WhiteElo "2344"]
[BlackElo "2306"]
[Result "1-0"]
[Round "05"]
[TimeControl "180+2"]
[Date "2023.01.03"]
[WhiteClock "0:00:28"]
[BlackClock "0:00:09"]

1. d4 Nf6 2. Nf3 e6 3. Bf4 b6 4. e3 Bb7 5. Nbd2 Be7 6. Bd3 c5 7. O-O cxd4 8. exd4 O-O 9. c3 d6 10. Re1 Nbd7 11. h3 Re8 12. Bh2 a6 13. Nc4 Qc7 14. Ne3 Bf8 15. Ng4 g6 16. Ne3 Bg7 17. Nc4 Bf8 18. Nfd2 b5 19. Ne3 Rad8 20. a4 b4 21. cxb4 Qb6 22. b5 axb5 23. Bxb5 Qxd4 24. Ndc4 Qxd1 25. Rexd1 e5 26. Nxd6 Bxd6 27. Rxd6 Kf8 28. Rad1 Ke7 29. a5 Bc8 30. a6 Ne4 31. R6d5 f6 32. a7 Nb6 33. Bxe8 Rxe8 34. Rb5 Na8 35. Rb8 Be6 36. Nd5+ Bxd5 37. Rxd5 Nc7 38. Ra5 Nd6 39. Rxe8+ Kxe8 40. a8=Q+ Nxa8 41. Rxa8+ Kd7 42. Ra7+ Ke6 43. Rxh7 g5 44. h4 g4 45. h5 Nf5 46. Rc7 Nh6 47. b4 Nf5 48. b5 Kd6 49. b6 Nh6 50. Rc1 Nf5 51. b7 1-0


[Site "https://www.chess.com"]

[Event "Titled Tuesday Blitz January 03 Late 2023"]
[White "Karttunen, Mika"]
[Black "Vovk, Orest"]
[WhiteFideId "502081"]
[BlackFideId "14113490"]
[WhiteElo "2490"]
[BlackElo "2315"]
[Result "1/2-1/2"]
[Round "05"]
[TimeControl "180+2"]
[Date "2023.01.03"]
[WhiteClock "0:00:08"]
[BlackClock "0:00:05"]

1. c4 g5 2. d4 h6 3. h4 g4 4. h5 Bg7 5. e3 d6 6. Ne2 c5 7. dxc5 dxc5 8. Qxd8+ Kxd8 9. Nbc3 Nc6 10. Nd5 e6 11. Ndf4 Nf6 12. Bd2 Ke7 13. Nc3 b6 14. g3 Bb7 15. Bg2 Rad8 16. O-O-O Na5 17. Bxb7 Nxb7 18. b3 Nd6 19. Be1 Nfe4 20. Nce2 Nf5 21. Rxd8 Rxd8 22. Kc2 a5 23. a4 Ng5 24. Bc3 Ne4 25. Be1 Be5 26. Nd3 Bf6 27. Nef4 Bg5 28. Ng2 Bf6 29. Ngf4 Bh8 30. Ne2 Rd7 31. Nef4 Rd6 32. Ng2 e5 33. Nh4 Nxh4 34. Rxh4 f5 35. Rh1 Ke6 36. Rf1 Ng5 37. Bc3 Nf3 38. Rh1 Bf6 39. Rd1 Rd7 40. Rb1 e4 41. Nf4+ Kf7 42. Nd5 Bxc3 43. Kxc3 Rd6 44. Rd1 Ne5 45. Kc2 Nd3 46. Nf4 Nb4+ 47. Kc1 Rxd1+ 48. Kxd1 Kf6 49. Kd2 Kg5 50. Ke2 Kf6 51. Kd2 Ke5 52. Kc3 Na2+ 53. Kb2 Nb4 54. Kc3 Na2+ 55. Kd2 Nb4 56. Ke2 Kf6 57. Kd1 Kg5 58. Kd2 Kf6 59. Ke2 Ke5 60. Ng6+ Kf6 61. Nf4 Kg5 62. Kd2 Kf6 63. Ke2 1/2-1/2


[Site "https://www.chess.com"]

[Event "Titled Tuesday Blitz January 03 Late 2023"]
[White "Estrada Nieto, Julian"]
[Black "Ehlvest, Jaan"]
[WhiteFideId "5101018"]
[BlackFideId "4500016"]
[WhiteElo "2215"]
[BlackElo "2530"]
[Result "0-1"]
[Round "05"]
[TimeControl "180+2"]
[Date "2023.01.03"]
[WhiteClock "0:00:06"]
[BlackClock "0:00:05"]

1. e4 c5 2. Nf3 Nc6 3. Bb5 e6 4. O-O Nge7 5. Re1 Ng6 6. c3 a6 7. Bf1 d5 8. exd5 Qxd5 9. d4 cxd4 10. cxd4 Bb4 11. Nc3 Bxc3 12. bxc3 O-O 13. g3 Rd8 14. Bg2 Qd7 15. Ng5 Qc7 16. Qh5 h6 17. Nxe6 Bxe6 18. Rxe6 fxe6 19. Qxg6 Qf7 20. Qg4 Qf5 21. Qe2 Rac8 22. Be4 Qf6 23. Rb1 b5 24. Bf4 Kh8 25. Re1 Re8 26. Qg4 e5 27. Bxc6 Rxc6 28. Bxe5 Qg5 29. Qxg5 hxg5 30. Bxg7+ Kxg7 31. Rxe8 Rxc3 32. Re2 Rd3 33. Re7+ Kf6 34. Rc7 Ra3 35. Rc2 Ke6 36. Kg2 Kd5 37. Rc5+ Kxd4 38. Rxg5 Rxa2 39. Rg8 b4 40. Rb8 a5 41. h4 Kc3 42. h5 Rd2 43. Rb5 a4 44. h6 Rd7 45. g4 b3 46. g5 a3 47. g6 Rd6 48. g7 Rg6+ 49. Kf3 a2 50. Rc5+ Kb4 51. Rc1 b2 52. Rh1 b1=Q 53. g8=Q Qf5+ 54. Ke2 Rxg8 55. h7 Re8+ 56. Kd2 Qd5+ 57. Kc2 Rc8+ 58. Kb2 Qd4+ 59. Kxa2 Ra8+ 0-1


[Site "https://www.chess.com"]

[Event "Titled Tuesday Blitz January 03 Late 2023"]
[White "Omelja, Artem"]
[Black "Donskov, Anatoly"]
[WhiteFideId "14119846"]
[BlackFideId "24143413"]
[WhiteElo "2446"]
[BlackElo "2279"]
[Result "1/2-1/2"]
[Round "05"]
[TimeControl "180+2"]
[Date "2023.01.03"]
[WhiteClock "0:00:01"]
[BlackClock "0:00:03"]

1. d4 d5 2. c4 dxc4 3. e3 Nc6 4. Bxc4 e5 5. Nf3 e4 6. Nfd2 Qg5 7. g3 Nf6 8. Nc3 Qg6 9. Qc2 Bf5 10. Qb3 Rb8 11. Bb5 Bd7 12. O-O Bd6 13. Nd5 h5 14. Nxf6+ gxf6 15. Nc4 h4 16. Nxd6+ cxd6 17. Qd5 Qh7 18. f3 f5 19. g4 Qg6 20. h3 fxg4 21. Qxe4+ Qxe4 22. fxe4 Rg8 23. hxg4 Rxg4+ 24. Kh2 Rxe4 25. Bd2 Ne7 26. Bd3 Rg4 27. Rg1 f5 28. Raf1 Be6 29. b3 Kd7 30. Rxg4 fxg4 31. Rf6 g3+ 32. Kg2 Rh8 33. e4 h3+ 34. Kh1 Bg4 35. Bf1 Nc6 36. Bf4 g2+ 37. Bxg2 hxg2+ 38. Kxg2 d5 39. Rd6+ Kc8 40. Rxd5 Rg8 41. Kf2 Bh3 42. Rh5 Rg2+ 43. Ke3 Bg4 44. Rh8+ Kd7 45. d5 Nb4 46. Rh7+ Kc8 47. Rc7+ Kd8 48. Rxb7 Nxa2 49. Rxa7 Nc1 50. Kd4 Nxb3+ 51. Ke5 Re2 52. Bg5+ Ke8 53. Re7+ Kf8 54. Kf6 Nc5 55. Bh6+ Kg8 56. Rg7+ Kh8 57. Rxg4 Nxe4+ 58. Kg6 Nd6 59. Bg7+ Kg8 60. Bf6 Kf8 61. Ra4 Ke8 62. Ra8+ Kd7 63. Ra7+ Kc8 64. Be7 Ne4 65. Kf5 Nc3 66. d6 Rd2 67. Ke6 Re2+ 68. Kf7 Rd2 69. Ke8 Nb5 70. d7+ Rxd7 71. Rxd7 Nc7+ 72. Rxc7+ Kxc7 1/2-1/2


[Site "https://www.chess.com"]

[Event "Titled Tuesday Blitz January 03 Late 2023"]
[White "Kleiman, Jake"]
[Black "Urbina Perez, Juan Antonio"]
[WhiteFideId "2020041"]
[BlackFideId "2217368"]
[WhiteElo "2399"]
[BlackElo "2266"]
[Result "1-0"]
[Round "05"]
[TimeControl "180+2"]
[Date "2023.01.03"]
[WhiteClock "0:01:36"]
[BlackClock "0:01:14"]

1. e4 c5 2. c3 Nf6 3. e5 Nd5 4. Bc4 Nb6 5. Bb3 c4 6. Bc2 d6 7. Nf3 dxe5 8. Nxe5 Qd5 9. Nf3 Qe6+ 10. Kf1 Nc6 11. Na3 Bd7 12. b3 g6 13. bxc4 Bg7 14. d4 Na5 15. c5 Nbc4 16. Bd3 O-O 17. Qe2 Nxa3 18. Bxa3 Rac8 19. h4 b6 20. h5 Qxe2+ 21. Kxe2 Bg4 22. hxg6 fxg6 23. Be4 Nc4 24. Bd5+ 1-0


[Site "https://www.chess.com"]

[Event "Titled Tuesday Blitz January 03 Late 2023"]
[White "Leenhouts, Koen"]
[Black "Forgacs, Attila Jr."]
[WhiteFideId "1008439"]
[BlackFideId "773654"]
[WhiteElo "2447"]
[BlackElo "2264"]
[Result "1-0"]
[Round "05"]
[TimeControl "180+2"]
[Date "2023.01.03"]
[WhiteClock "0:00:26"]
[BlackClock "0:00:14"]

1. e4 e5 2. Nf3 Nc6 3. Bb5 a6 4. Ba4 Nf6 5. O-O Be7 6. Re1 b5 7. Bb3 O-O 8. c3 d5 9. d3 dxe4 10. dxe4 Qxd1 11. Bxd1 Bb7 12. Bg5 h6 13. Bh4 Rfd8 14. Bb3 Rd7 15. Nbd2 Rad8 16. Nf1 Bc5 17. Bxf6 gxf6 18. Ng3 Ne7 19. Nh5 Rd6 20. Rad1 Kf8 21. Nxf6 Rxd1 22. Rxd1 Rxd1+ 23. Bxd1 Bc8 24. Nxe5 Be6 25. Ned7+ Kg7 26. Nh5+ Kg6 27. Nxc5 Bxa2 28. Nxa6 Bb1 29. Nc5 f5 30. exf5+ Nxf5 31. Nf4+ Kf7 32. Bb3+ Ke7 33. Bd1 Nd6 34. b4 Nc4 35. Be2 Na3 36. Bd3 Ba2 37. h4 c6 38. g4 Bf7 39. g5 hxg5 40. hxg5 Nc4 41. Bxc4 Bxc4 42. Kh2 Bg8 43. Kg3 Kd6 44. Kg4 Ke5 45. Nfd3+ Kd6 46. f4 Bh7 47. f5 Ke7 48. g6 Bg8 49. Kg5 Kf8 50. f6 Bc4 51. Ne5 Bd5 52. Ncd7+ Kg8 53. f7+ Bxf7 54. gxf7+ Kh7 55. f8=Q c5 56. Qh6+ Kg8 57. Kf6 c4 58. Qg7# 1-0


[Site "https://www.chess.com"]

[Event "Titled Tuesday Blitz January 03 Late 2023"]
[White "Rodriguez Fontecha, Marcos"]
[Black "Chernov, Mikhail"]
[WhiteFideId "2256576"]
[BlackFideId "24143170"]
[WhiteElo "2309"]
[BlackElo "2205"]
[Result "1-0"]
[Round "05"]
[TimeControl "180+2"]
[Date "2023.01.03"]
[WhiteClock "0:01:05"]
[BlackClock "0:00:22"]

1. d4 d5 2. Bf4 Nf6 3. e3 c5 4. c3 Nc6 5. Nd2 cxd4 6. exd4 Bf5 7. Qb3 Qc8 8. Ngf3 e6 9. Bb5 Be7 10. O-O O-O 11. Rfe1 a6 12. Bf1 Ne4 13. h3 b5 14. a4 Nxd2 15. Nxd2 b4 16. a5 Qd7 17. Qa4 Bd6 18. Bxd6 Qxd6 19. Nb3 Bc2 20. Rec1 Bxb3 21. Qxb3 Rab8 22. Qa4 bxc3 23. Rxc3 Ne7 24. b3 Rb4 25. Qa3 Nf5 26. Bxa6 Nxd4 27. Bf1 Rfb8 28. a6 Qb6 29. a7 Ra8 30. Rac1 1-0


[Site "https://www.chess.com"]

[Event "Titled Tuesday Blitz January 03 Late 2023"]
[White "Ortega Ruiz, Jose Miguel"]
[Black "Janaszak, Dawid"]
[WhiteFideId "2209713"]
[BlackFideId "1119206"]
[WhiteElo "2351"]
[BlackElo "2316"]
[Result "1-0"]
[Round "05"]
[TimeControl "180+2"]
[Date "2023.01.03"]
[WhiteClock "0:01:08"]
[BlackClock "0:00:07"]

1. Nf3 d5 2. g3 Nf6 3. Bg2 c6 4. O-O g6 5. b3 Bg7 6. Bb2 O-O 7. c4 Bg4 8. h3 Bxf3 9. Bxf3 e6 10. d3 a5 11. Bg2 Nbd7 12. Nd2 Qb6 13. a3 Rfd8 14. Rb1 Qc7 15. Qc2 Ne8 16. Bxg7 Nxg7 17. Rfc1 Qe5 18. Nf3 Qd6 19. b4 axb4 20. axb4 Ne5 21. Nxe5 Qxe5 22. b5 Nf5 23. e3 h5 24. d4 Qf6 25. cxd5 cxd5 26. Qc7 Nd6 27. Qc2 Nc4 28. Ra1 Rac8 29. Qe2 h4 30. g4 e5 31. dxe5 Qxe5 32. Rd1 Rc5 33. Rac1 Ra8 34. Bxd5 Rxd5 35. Rxd5 Qxd5 36. Qxc4 Qf3 37. Qf4 Qxh3 38. b6 f5 39. gxf5 Qxf5 40. Qxf5 gxf5 41. Rc7 Ra2 42. Rxb7 h3 43. Rb8+ Kg7 44. b7 Rb2 45. Kh2 Rxf2+ 46. Kxh3 Rb2 47. Kg3 Rb4 48. Kf3 Kh7 49. Ke2 Kg7 50. Kd3 Rb3+ 51. Kd4 Rb4+ 52. Ke5 Rb5+ 53. Kf4 Kh7 54. Kf3 Rb3 55. Ke2 Kg7 56. Kd2 Kh7 57. Kc2 Rb6 58. Kc3 Rb1 59. Kd4 Kg7 60. Ke5 Rb5+ 61. Ke6 Kh7 62. Rf8 Rxb7 63. Rf7+ Rxf7 64. Kxf7 Kh8 65. Kf6 Kg8 66. Kxf5 Kf7 67. e4 Ke7 68. Ke5 Kf7 69. Kd6 1-0


[Site "https://www.chess.com"]

[Event "Titled Tuesday Blitz January 03 Late 2023"]
[White "Bayo Milagro, Alvaro"]
[Black "aidenzhouu"]
[WhiteFideId "22275240"]
[WhiteElo "2287"]
[BlackElo "2395"]
[Result "1-0"]
[Round "05"]
[TimeControl "180+2"]
[Date "2023.01.03"]
[WhiteClock "0:01:31"]
[BlackClock "0:00:10"]

1. d4 Nf6 2. Nf3 g6 3. Bg5 Bg7 4. Nbd2 O-O 5. c3 d5 6. e3 b6 7. Be2 Ba6 8. Bxa6 Nxa6 9. O-O Nb8 10. a4 a5 11. b4 Nbd7 12. Bxf6 Nxf6 13. Ne5 Qd6 14. b5 Nd7 15. Nc6 Nb8 16. Nxb8 Raxb8 17. Qb3 e5 18. Nf3 e4 19. Nd2 f5 20. c4 Rf7 21. cxd5 Bf8 22. Rfc1 Qf6 23. Rc6 Qh4 24. g3 Qh3 25. Rac1 Bd6 26. Nc4 f4 27. exf4 Bxf4 28. Ne5 Bxe5 29. dxe5 Rxf2 30. Kxf2 Rf8+ 31. Kg1 e3 32. Qxe3 Qf5 33. Rxc7 1-0


[Site "https://www.chess.com"]

[Event "Titled Tuesday Blitz January 03 Late 2023"]
[White "Sztokbant, Bernardo Vainzoff"]
[Black "Kalajzic, Ivan"]
[WhiteFideId "2115956"]
[BlackFideId "14506378"]
[WhiteElo "2213"]
[BlackElo "2062"]
[Result "0-1"]
[Round "05"]
[TimeControl "180+2"]
[Date "2023.01.03"]
[WhiteClock "0:00:01"]
[BlackClock "0:00:05"]

1. e4 Nc6 2. Nf3 d6 3. d4 Bg4 4. Be3 a6 5. Nc3 e5 6. dxe5 Nxe5 7. Be2 Nxf3+ 8. Bxf3 Bxf3 9. Qxf3 Qf6 10. Qe2 Ne7 11. O-O g6 12. Rad1 Nc6 13. Nd5 Qd8 14. Bg5 Qxg5 15. Nxc7+ Kd7 16. Nxa8 Qd8 17. e5 Qxa8 18. exd6 Bg7 19. c3 Re8 20. Qc4 Re6 21. Rfe1 Qe8 22. Kf1 Be5 23. Qd5 Qb8 24. c4 b6 25. Qf3 f5 26. Qh3 Qg8 27. Qa3 Bxd6 28. Qxa6 Rxe1+ 29. Rxe1 Qc8 30. Qxc8+ Kxc8 31. Re8+ Kd7 32. Rh8 Ne5 33. Rxh7+ Ke6 34. b3 Bc5 35. Ke2 g5 36. Rh6+ Ke7 37. a3 g4 38. b4 Bd4 39. f3 gxf3+ 40. gxf3 f4 41. Rh7+ Ke6 42. Rh4 Kf5 43. Rh5+ Ke6 44. Rh4 Kf5 45. c5 bxc5 46. bxc5 Bxc5 47. Rh5+ Ke6 48. a4 Bb4 49. Rh6+ Kd5 50. Ra6 Nc4 51. Rf6 Ke5 52. Rf7 Ba5 53. h4 Nd6 54. Re7+ Kd5 55. h5 Nf5 56. Rd7+ Ke6 57. Rh7 Kf6 58. Kd3 Kg5 59. Ra7 Be1 60. a5 Bf2 61. Rb7 Kxh5 62. a6 Kh4 63. a7 Bxa7 64. Rxa7 Kg3 65. Ke4 Nd6+ 66. Kd5 Nb5 67. Rg7+ Kxf3 68. Kc4 Nd6+ 69. Kd5 Nf5 70. Rf7 Ne3+ 71. Ke5 Ng4+ 0-1


[Site "https://www.chess.com"]

[Event "Titled Tuesday Blitz January 03 Late 2023"]
[White "Sai Han Thiha"]
[Black "Roberson, Peter T"]
[WhiteFideId "13012290"]
[BlackFideId "412384"]
[WhiteElo "2070"]
[BlackElo "2430"]
[Result "0-1"]
[Round "05"]
[TimeControl "180+2"]
[Date "2023.01.03"]
[WhiteClock "0:00:01"]
[BlackClock "0:00:02"]

1. d4 Nf6 2. c4 b6 3. f3 e6 4. e4 d5 5. e5 Nfd7 6. cxd5 exd5 7. f4 c5 8. Nf3 Nc6 9. Nc3 cxd4 10. Nxd4 Nxd4 11. Qxd4 Bb7 12. Be3 Bc5 13. Qd2 O-O 14. Bb5 a6 15. Bxd7 Qxd7 16. Rd1 Rad8 17. Bd4 f6 18. exf6 Rde8+ 19. Kf1 Bxd4 20. Qxd4 Rxf6 21. g3 Qh3+ 22. Kf2 Rfe6 23. Rd2 h5 24. Re2 h4 25. Rxe6 Rxe6 26. gxh4 Qxh4+ 27. Kg2 Rg6+ 28. Kf1 Qh3+ 29. Ke1 Qf3 30. Rg1 Rxg1+ 31. Qxg1 Qxf4 32. Ne2 Qb4+ 33. Kf1 Qxb2 34. Qg6 Qa1+ 35. Kg2 d4+ 36. Kg3 Qe1+ 37. Kf4 Qxe2 0-1


[Site "https://www.chess.com"]

[Event "Titled Tuesday Blitz January 03 Late 2023"]
[White "Weisz, Bryan"]
[Black "Bilan, Danila"]
[WhiteFideId "30934133"]
[BlackFideId "24161918"]
[WhiteElo "1973"]
[BlackElo "2303"]
[Result "0-1"]
[Round "05"]
[TimeControl "180+2"]
[Date "2023.01.03"]
[WhiteClock "0:00:07"]
[BlackClock "0:00:08"]

1. Nf3 d5 2. g3 Nf6 3. Bg2 c5 4. O-O Nc6 5. d4 Bg4 6. Ne5 cxd4 7. Nxg4 Nxg4 8. e3 Nf6 9. exd4 e6 10. a4 Bd6 11. c3 O-O 12. b4 Rc8 13. Nd2 Ne7 14. Qb3 Qd7 15. Ba3 Rc7 16. b5 Rfc8 17. Rfc1 Nf5 18. Nf3 Ne4 19. Ne5 Bxe5 20. Bxe4 dxe4 21. dxe5 e3 22. Rd1 exf2+ 23. Kxf2 Qe8 24. Bb4 Rc4 25. Rd3 f6 26. exf6 gxf6 27. Rad1 Qh5 28. Rd8+ Kf7 29. R8d7+ Kg6 30. Qc2 Qxh2+ 31. Ke1 Qxc2 32. R1d2 Re4+ 33. Kf2 Qc1 34. Rd1 Qe3+ 35. Kg2 Qxg3+ 0-1


[Site "https://www.chess.com"]

[Event "Titled Tuesday Blitz January 03 Late 2023"]
[White "Brodowski, Piotr"]
[Black "Vifleemskaia, Svetlana"]
[WhiteFideId "1124480"]
[BlackFideId "4129490"]
[WhiteElo "2457"]
[BlackElo "1971"]
[Result "1-0"]
[Round "05"]
[TimeControl "180+2"]
[Date "2023.01.03"]
[WhiteClock "0:01:59"]
[BlackClock "0:00:48"]

1. c4 c5 2. Nc3 Nf6 3. g3 d5 4. cxd5 Nxd5 5. Bg2 Nc7 6. a3 Nc6 7. b4 cxb4 8. axb4 Nxb4 9. Nf3 e6 10. Ne5 Bd6 11. Qa4+ Kf8 12. Nc4 Be7 13. O-O b5 14. Nxb5 Rb8 15. Nxc7 Qxc7 16. d3 a6 17. Bf4 Qb7 18. Bxb7 1-0


[Site "https://www.chess.com"]

[Event "Titled Tuesday Blitz January 03 Late 2023"]
[White "Rosenberg, Evan S"]
[Black "Riff, Vincent"]
[WhiteFideId "2019299"]
[BlackFideId "617776"]
[WhiteElo "1956"]
[BlackElo "2383"]
[Result "1-0"]
[Round "05"]
[TimeControl "180+2"]
[Date "2023.01.03"]
[WhiteClock "0:02:21"]
[BlackClock "0:02:11"]

1. d4 d5 2. Nf3 Nc6 3. Bf4 Bg4 4. e3 e6 5. c4 Bb4+ 6. Nc3 Nge7 7. Be2 dxc4 8. Bxc4 Nd5 9. Bxd5 Qxd5 10. O-O O-O 11. Nxd5 1-0


[Site "https://www.chess.com"]

[Event "Titled Tuesday Blitz January 03 Late 2023"]
[White "Kujawski, Adam"]
[Black "Altman, Joshua"]
[WhiteFideId "1100920"]
[BlackFideId "426210"]
[WhiteElo "2173"]
[BlackElo "2120"]
[Result "0-1"]
[Round "05"]
[TimeControl "180+2"]
[Date "2023.01.03"]
[WhiteClock "0:00:29"]
[BlackClock "0:01:06"]

1. e4 e6 2. d4 d5 3. Nc3 Nf6 4. Bg5 dxe4 5. Nxe4 Nbd7 6. Nf3 Be7 7. Nxf6+ Nxf6 8. Bb5+ Bd7 9. Qe2 O-O 10. O-O h6 11. Bxf6 Bxf6 12. Bxd7 Qxd7 13. c3 Rac8 14. Rad1 Rfd8 15. g3 Qd5 16. a3 c5 17. dxc5 Qxc5 18. Kg2 b5 19. h4 a5 20. Rxd8+ Rxd8 21. Rd1 Rxd1 22. Qxd1 b4 23. axb4 axb4 24. cxb4 Qxb4 25. b3 g6 26. Qd3 Kg7 27. Qc4 Qa3 28. Nd2 Qb2 29. Nf3 g5 30. hxg5 hxg5 31. g4 Qa2 32. Qb5 Qa8 33. b4 Qe4 34. Kg3 Qf4+ 0-1


[Site "https://www.chess.com"]

[Event "Titled Tuesday Blitz January 03 Late 2023"]
[White "Aguilar, Juan"]
[Black "Ward, Ieuan C"]
[WhiteFideId "3800091"]
[BlackFideId "406627"]
[WhiteElo "2254"]
[BlackElo "2028"]
[Result "1-0"]
[Round "05"]
[TimeControl "180+2"]
[Date "2023.01.03"]
[WhiteClock "0:00:04"]
[BlackClock "0:00:12"]

1. g3 e6 2. Bg2 d5 3. d3 Nf6 4. Nf3 Bd6 5. O-O O-O 6. Nbd2 Nbd7 7. e4 c5 8. Re1 dxe4 9. dxe4 Ne5 10. Nxe5 Bxe5 11. Nc4 Qxd1 12. Rxd1 Bc7 13. a4 Rd8 14. Be3 Nd7 15. Rd2 Nb6 16. Rxd8+ Bxd8 17. Rd1 Bc7 18. Bf4 Nxc4 19. Bxc7 Kf8 20. b3 Nb6 21. Bd6+ Ke8 22. Bxc5 Nd7 23. Ba3 e5 24. Bf1 a6 25. Bc4 Nf6 26. f3 Be6 27. Bxe6 fxe6 28. Kf2 Rc8 29. c4 Nd7 30. Rd6 Rc6 31. Rxc6 bxc6 32. Ke3 Kd8 33. f4 Kc7 34. f5 exf5 35. exf5 Nf6 36. h3 Nh5 37. g4 Nf4 38. Bf8 g6 39. fxg6 hxg6 40. Ke4 Nxh3 41. Kxe5 Nf2 42. g5 Nd3+ 43. Kf6 Kd7 44. Kxg6 Ke8 45. Bd6 Nc1 46. b4 Ne2 47. b5 cxb5 48. cxb5 axb5 49. axb5 Kd7 50. Be5 Ke6 51. Bb2 Nf4+ 52. Kh6 Nd5 53. g6 Ne7 54. Kh7 Kd7 55. g7 Kc7 56. Ba3 Nd5 57. Kg6 Nf4+ 58. Kf5 Nd5 59. g8=Q Kb6 60. Qxd5 Ka5 61. Qb3 Kb6 62. Bb2 Ka7 63. Bd4+ Kb8 64. b6 Kb7 65. Qb5 Kb8 66. Qd7 Ka8 67. Qa7# 1-0


[Site "https://www.chess.com"]

[Event "Titled Tuesday Blitz January 03 Late 2023"]
[White "Schmidt, Harald"]
[Black "Andreev, Eduard"]
[WhiteFideId "4648358"]
[BlackFideId "14103400"]
[WhiteElo "2347"]
[BlackElo "2413"]
[Result "1-0"]
[Round "05"]
[TimeControl "180+2"]
[Date "2023.01.03"]
[WhiteClock "0:00:10"]
[BlackClock "0:00:08"]

1. c4 c5 2. Nc3 Nc6 3. g3 g6 4. Bg2 Bg7 5. Nf3 e6 6. O-O Nge7 7. d3 O-O 8. Rb1 d5 9. cxd5 exd5 10. e4 h6 11. Re1 Be6 12. a3 Qd7 13. Bd2 a5 14. Qc1 Kh7 15. Na4 dxe4 16. Nxc5 Qc8 17. Nxe6 Qxe6 18. dxe4 Rac8 19. Bc3 Ne5 20. Nxe5 Bxe5 21. Qe3 Nc6 22. Qb6 Bxc3 23. bxc3 Qc4 24. Qxb7 Rb8 25. Qc7 Rbc8 26. Qb6 Ne5 27. Qd4 Qxc3 28. Qxc3 Rxc3 29. Rb5 Nd3 30. Re3 Rd8 31. Bf1 Rc1 32. Rxa5 Nc5 33. Kg2 Rdd1 34. Be2 Rg1+ 35. Kh3 Ne6 36. f4 g5 37. f5 Nd4 38. Bh5 Rc7 39. Rd5 Nc2 40. Re2 Ra1 41. e5 Rxa3 42. e6 fxe6 43. fxe6 Raa7 44. Rd7+ Rxd7 45. exd7 Rxd7 46. Rxc2 Kg7 47. Rc5 Rd4 48. Rc6 Rd5 49. Rg6+ Kh7 50. Re6 Rd4 51. Re7+ Kg8 52. Bg4 Rb4 53. Ra7 Rd4 54. Bf5 Rb4 55. Ra6 Kg7 56. Rg6+ Kf7 57. Rxh6 Rb5 58. Bg4 Rb4 59. Ra6 Rb2 60. Rc6 Ra2 61. Rd6 Rc2 62. Rd7+ Kf6 63. Rd6+ Kg7 64. Bf5 Rc5 65. Rg6+ Kf7 66. Rxg5 Kf6 67. Kh4 Rc4+ 68. g4 Rc3 69. Rg6+ Kf7 70. h3 Rf3 71. Ra6 Rc3 72. Kg5 Ke7 73. h4 Rc5 74. h5 Ra5 75. Rxa5 Kd6 76. h6 Kc6 77. h7 Kb6 78. Re5 Kc6 79. h8=Q Kd6 80. Qf6+ Kc7 81. Re7+ Kd8 82. Qf8# 1-0


[Site "https://www.chess.com"]

[Event "Titled Tuesday Blitz January 03 Late 2023"]
[White "Kovacs, Klara"]
[Black "Mei, Austin"]
[WhiteFideId "733210"]
[BlackFideId "30948479"]
[WhiteElo "2121"]
[BlackElo "2218"]
[Result "0-1"]
[Round "05"]
[TimeControl "180+2"]
[Date "2023.01.03"]
[WhiteClock "0:01:43"]
[BlackClock "0:02:24"]

1. d4 Nf6 2. Nf3 g6 3. g3 Bg7 4. Bg2 O-O 5. O-O d6 6. c4 c6 7. Nc3 Bf5 8. Nh4 Bg4 9. h3 Bc8 10. e4 e5 11. dxe5 dxe5 12. Qxd8 Rxd8 13. Bg5 Be6 14. b3 h6 15. Bxf6 Bxf6 16. Nf3 Nd7 17. Rad1 Nc5 18. g4 a5 19. Rfe1 Rd7 20. Kf1 Rad8 21. Ke2 Nd3 22. Rg1 Nf4+ 23. Ke1 Rd3 24. Nh2 Rxc3 0-1


[Site "https://www.chess.com"]

[Event "Titled Tuesday Blitz January 03 Late 2023"]
[White "La Villa Rivas, Marlon Javier"]
[Black "gshwbedhkhd"]
[WhiteFideId "3519546"]
[WhiteElo "2246"]
[BlackElo "2511"]
[Result "1-0"]
[Round "05"]
[TimeControl "180+2"]
[Date "2023.01.03"]
[WhiteClock "0:00:09"]
[BlackClock "0:00:08"]

1. e4 c5 2. Nf3 e6 3. d4 cxd4 4. Nxd4 Nf6 5. Nc3 Nc6 6. Ndb5 Bc5 7. Nd6+ Ke7 8. Bf4 e5 9. Nf5+ Kf8 10. Be3 Bb4 11. Qf3 d5 12. exd5 Qxd5 13. Nh4 Nd4 14. Qxd5 Nxd5 15. O-O-O Nxc3 16. bxc3 Ba3+ 17. Kb1 Nc6 18. Bb5 Be6 19. Nf3 f6 20. Nd2 Na5 21. Nb3 Nxb3 22. cxb3 a6 23. Bd3 Be7 24. Be4 Rc8 25. Bxb7 Rxc3 26. Bxa6 Kf7 27. Kb2 Rc7 28. Rc1 Rd7 29. Rhd1 Ra8 30. Rxd7 Bxd7 31. Bc4+ Ke8 32. a4 f5 33. Bd5 Ra5 34. Bb7 e4 35. Bb6 Re5 36. a5 Rb5 37. a6 Bf6+ 38. Ka2 Rxb6 39. a7 Be6 40. a8=Q+ Kf7 41. Rc7+ Kg6 42. Qe8+ Kh6 43. Bc6 Bxb3+ 44. Ka3 Bb2+ 45. Kxb2 Bf7+ 46. Kc3 Bxe8 47. Bxe8 Ra6 48. Kd4 Ra2 49. Ke3 g6 50. Bd7 Kg5 51. Be6 h5 52. Bxa2 1-0


[Site "https://www.chess.com"]